 Dungeon Crawl Stone Soup version 0.25.1-2-g60ff931df9 (webtiles) character file.

Game seed: 17507910428253907952

8038 Kaptain the Thaumaturge (level 11, -9/64 HPs)
             Began as a Deep Elf Conjurer on Sept 7, 2020.
             Mangled by an eight-headed hydra (16 damage)
             ... on level 9 of the Dungeon.
             The game lasted 00:55:06 (11479 turns).

Kaptain the Thaumaturge (Deep Elf Conjurer)        Turns: 11479, Time: 00:55:06

Health: -9/64      AC:  9    Str:  5    XL:     11   Next: 4%
Magic:  14/29      EV: 21    Int: 26    God:
Gold:   884        SH:  5    Dex: 20    Spells: 22/34 levels left

rFire    + . .     SeeInvis .   C - +5 battleaxe "Maphong" {venom, Int+2}
rCold    . . .     Gourm    .   (shield currently unavailable)
rNeg     + . .     Faith    .   E - +3 leather armour
rPois    .         Spirit   .   (no helmet)
rElec    .         Reflect  +   e - +2 cloak
rCorr    .         Harm     .   (no gloves)
MR       +....                  (no boots)
Stlth    ++........             D - amulet "Xoah" {Reflect rN+ Dex+5 Slay+3 SH+5}
HPRegen  0.20/turn              f - +4 ring of evasion
MPRegen  0.21/turn              g - ring of protection from fire

@: about to teleport, slowed, very slow
A: no striking features
a: no special abilities


You were on level 9 of the Dungeon.
You were hungry.

You visited 3 branches of the dungeon, and saw 11 of its levels.

You collected 884 gold pieces.

Inventory:

Hand Weapons
 d - a +2 morningstar of protection
 i - a +3 rapier
 t - a +0 trident
 y - a +1 vorpal shortbow
 B - a cursed +4 battleaxe of freezing
 C - the +5 battleaxe "Maphong" (weapon) {venom, Int+2}
   (You found it on level 5 of the Dungeon)

   It poisons the flesh of those it strikes.
   It affects your intelligence (+2).
Missiles
 z - 196 arrows
Armour
 a - +0 fire dragon scales
 e - a +2 cloak (worn)
 E - a +3 leather armour (worn)
Jewellery
 f - a +4 ring of evasion (left hand)
 g - a ring of protection from fire (right hand)
 D - the amulet "Xoah" (around neck) {Reflect rN+ Dex+5 Slay+3 SH+5}
   (You found it on level 8 of the Dungeon)

   [amulet of reflection]

   It shields you and reflects attacks.
   It affects your dexterity (+5).
   It affects your accuracy and damage with ranged weapons and melee attacks
   (+3).
   It protects you from negative energy.
   It affects your SH (+5).
Wands
 m - a wand of digging (8)
 n - a wand of flame (45)
 v - a wand of polymorph (4)
 F - a wand of disintegration (13)
Scrolls
 h - 2 scrolls of teleportation
 j - 2 scrolls of identify
 l - 3 scrolls of remove curse
 p - 3 scrolls of magic mapping
 q - 2 scrolls of enchant weapon
 u - 3 scrolls of amnesia
Potions
 b - 2 potions of might
 o - 5 potions of stabbing
 s - 6 potions of flight
 w - a potion of brilliance
 x - a potion of resistance
 A - 2 potions of haste
 G - a potion of lignification
Comestibles
 c - 14 rations
 k - 3 chunks of flesh


   Skills:
 + Level 5.2 Fighting
 + Level 5.2 Armour
 + Level 8.1 Dodging
 - Level 2.4 Stealth
 * Level 12.0 Spellcasting
 * Level 10.9 Conjurations


You had 22 spell levels left.
You knew the following spells:

 Your Spells              Type           Power        Failure   Level  Hunger
a - Magic Dart            Conj           ####         1%          1    None
b - Iskenderun's Mystic   Conj/Tloc      #####...     6%          4    None
c - Searing Ray           Conj           ######       1%          2    None
d - Sting                 Tmut/Pois      ###.         6%          1    None
e - Mephitic Cloud        Conj/Pois/Air  ####....     3%          3    None
f - Animate Skeleton      Necr           N/A          6%          1    None

Your spell library contained the following spells:

 Spells                   Type           Power        Failure   Level  Hunger
 Dazzling Flash           Conj/Hex       #####.       1%          3    None
 Apportation              Tloc           ###...       6%          1    None
 Corona                   Hex            ###....      6%          1    None
 Summon Small Mammal      Summ           ###.         6%          1    None
 Fulminant Prism          Conj/Hex       #####.....   6%          4    None
 Poisonous Vapours        Pois/Air       ###...       9%          2    None
 Ignite Poison            Fire/Tmut/Pois ###.....     17%         3    None
 Olgreb's Toxic Radiance  Pois           ###.....     50%         4    None


Dungeon Overview and Level Annotations

Branches:
Dungeon (9/15)             Temple (1/1) D:4            Lair (1/6) D:9
    Orc (0/2) D:9

Altars:
Ashenzari
Cheibriados
Dithmenos
Elyvilon
Fedhas
Gozag
Hepliaklqana
Kikubaaqudgha
Makhleb
Nemelex Xobeh
Okawaru
Qazlal
Ru
Sif Muna
Trog
Uskayaw
Vehumet
Wu Jian
Xom
Yredelemnul
Zin
The Shining One
Lugonu

Shops:
D:5 (   D:6 [

Portals:
Ice
Cave: Lair:1

Annotations:
D:8 3 runed translucent doors, ciphuk's ghost, amateur FeCj
Lair:1 Gastronok


Message History

Ouch! That really hurt!
The river rat misses you.
The eight-headed hydra completely misses you.
The eight-headed hydra misses you.
The eight-headed hydra completely misses you. x2
The eight-headed hydra bites you!
* * * LOW HITPOINT WARNING * * *
You block the eight-headed hydra's attack.
The eight-headed hydra completely misses you.
The eight-headed hydra bites you but does no damage.
The river rat closely misses you.
You climb upwards.
Welcome back to the Dungeon!
There is a staircase to the Lair here.
Okay, then.
Okay, then.
As you read the scroll of teleportation, it crumbles to dust.
You feel strangely unstable. The eight-headed hydra bites you!
* * * LOW HITPOINT WARNING * * *
The eight-headed hydra bites you!
You die...

......#.........#.##..##........#
#..####..##....P......##.#####..#
#.........#..PP..P....##.# #..#
#.............P.PP.......## #..#
#......P....PPPP..PP.P.P..# #...
#.#####..P.PPP..P.PP.P..P.## #..#
#.# #..PP.PPP...PP.P.P.P..###..#
..# #.P.......PDPP.P..P.P......#
..# #...PP..PPP@PP..PP.........#
..# #...P.PP.PPPP.P..PP...###).#
..# #.P..PP.P..PP.P.P.P...# #..#
..####....P.P..P..P.PPP....# #).#
............P.P..P.P......## #)).
............P.P.P...P..P..# #...
...........P...PP.PP......# #...
.............P).P.....#...####...
...............P.P....##..##.....


You could see an eight-headed hydra.

Vanquished Creatures
  2 centaur warriors (D:9)
  A cyclops (D:8)
  A black mamba (Lair:1)
  The ghost of 4FPSwarrior the Insei, a novice OpMo of Makhleb (D:7)
  2 ice devils (Lair:1)
  Sigmund (D:6)
  A hungry ghost (D:8)
  Menkaure (D:6)
  A water moccasin (D:8)
  3 porcupines (D:9)
  A sky beast (D:7)
  2 black bears (D:9)
  4 orc warriors
  An ice beast (D:8)
  A necrophage (D:8)
  3 ogres
  5 centaurs
  A crocodile (D:9)
  2 big kobolds (D:7)
  6 bullfrogs
  A gnoll sergeant (D:7)
  A scorpion (D:7)
  A water moccasin skeleton (D:7)
  5 killer bees (D:9)
  9 wights
  3 howler monkeys
  A crimson imp (D:5)
  Crazy Yiuf (D:2)
  A bullfrog skeleton (D:5)
  3 gnoll shamans (D:7)
  A jelly (D:5)
  4 orc priests
  A centaur skeleton (D:5)
  7 hounds
  3 iguanas
  Ijyb (D:3)
  7 orc wizards
  9 worker ants
  A worker ant zombie (D:6)
  9 adders
  16 gnolls
  A shadow imp (D:5)
  2 oozes
  2 adder skeletons
  An adder zombie (D:5)
  8 worms
  3 dart slugs
  3 leopard geckos
  33 orcs
  8 giant cockroaches
  16 goblins
  8 hobgoblins
  10 jackals
  14 kobolds
  3 quokkas
  A ball python (D:5)
  6 bats
  8 frilled lizards
  A giant cockroach zombie (D:5)
  10 rats
  2 fungi (D:9)
265 creatures vanquished.

Vanquished Creatures (collateral kills)
  A crocodile (D:9)
  A bullfrog (D:9)
  A jelly (D:9)
  An orc (D:9)
4 creatures vanquished.

Vanquished Creatures (others)
  18 fungi (D:9)
  A plant (D:9)
19 creatures vanquished.

Grand Total: 288 creatures vanquished

Notes
Turn   | Place    | Note
-------+----------+-------------------------------------------
     0 | D:1      | Kaptain the Deep Elf Conjurer began the quest for the Orb.
     0 | D:1      | Reached XP level 1. HP: 10/10 MP: 6/6
   147 | D:1      | Reached XP level 2. HP: 15/15 MP: 1/8
   465 | D:1      | Reached XP level 3. HP: 20/20 MP: 8/10
   956 | D:1      | Reached skill level 4 in Spellcasting
  1134 | D:2      | Reached skill level 5 in Conjurations
  1342 | D:2      | Reached XP level 4. HP: 21/24 MP: 3/12
  1419 | D:2      | Learned a level 4 spell: Iskenderun's Mystic Blast
  1897 | D:2      | Found a runed translucent door.
  1898 | D:2      | Noticed Crazy Yiuf
  1968 | D:2      | Killed Crazy Yiuf
  1968 | D:2      | Reached skill level 1 in Fighting
  2349 | D:3      | Found a radiant altar of Vehumet.
  2356 | D:3      | Found a snail-covered altar of Cheibriados.
  2356 | D:3      | Found an iron altar of Okawaru.
  2356 | D:3      | Found a basalt altar of Yredelemnul.
  2357 | D:3      | Found an ornate altar of the Wu Jian Council.
  2360 | D:3      | Found a shimmering altar of Xom.
  2361 | D:3      | Found a bloodstained altar of Trog.
  2493 | D:3      | Reached XP level 5. HP: 29/29 MP: 1/14
  2511 | D:3      | Reached skill level 1 in Armour
  2511 | D:3      | Reached skill level 5 in Spellcasting
  2540 | D:3      | Found a sparkling altar of Nemelex Xobeh.
  3025 | D:3      | Reached XP level 6. HP: 34/34 MP: 11/16
  3031 | D:3      | Noticed Ijyb
  3040 | D:3      | Killed Ijyb
  3717 | D:4      | Found a staircase to the Ecumenical Temple.
  3734 | Temple   | Entered the Ecumenical Temple
  3982 | D:4      | Reached skill level 6 in Spellcasting
  4032 | D:4      | Reached XP level 7. HP: 40/40 MP: 15/18
  4053 | D:4      | Learned a level 2 spell: Searing Ray
  4053 | D:4      | Found a stormy altar of Qazlal.
  4180 | D:4      | Found a blossoming altar of Fedhas.
  4330 | D:5      | Entered Level 5 of the Dungeon
  4476 | D:5      | Found a burning altar of Makhleb.
  4476 | D:5      | Found a glowing silver altar of Zin.
  4477 | D:5      | Noticed an angel
  4477 | D:5      | Noticed an Executioner
  4603 | D:5      | Found a blossoming altar of Fedhas.
  4821 | D:5      | Reached skill level 7 in Spellcasting
  5004 | D:5      | Got a crude battleaxe
  5005 | D:5      | Identified the +5 battleaxe "Maphong" {venom, Int+2} (You
                  | found it on level 5 of the Dungeon)
  5160 | D:5      | Found Umedi Qon's Antique Weapon Boutique.
  5173 | D:5      | Reached XP level 8. HP: 41/45 MP: 14/20
  5614 | D:6      | Noticed Sigmund
  5618 | D:6      | Killed Sigmund
  5618 | D:6      | Reached skill level 5 in Dodging
  5679 | D:6      | Found Ritzumasm's Armour Shop.
  5753 | D:6      | Noticed Menkaure
  5757 | D:6      | Killed Menkaure
  5794 | D:6      | Found a hazy altar of Hepliaklqana.
  5884 | D:6      | Reached skill level 8 in Spellcasting
  6214 | D:6      | Learned a level 1 spell: Sting
  6218 | D:6      | Learned a level 3 spell: Mephitic Cloud
  6647 | D:7      | Learned a level 1 spell: Animate Skeleton
  6959 | D:7      | Reached XP level 9. HP: 51/51 MP: 19/23
  7133 | D:7      | Reached skill level 9 in Spellcasting
  8290 | D:7      | Found a runed translucent gate.
  8291 | D:7      | Found a runed translucent gate.
  8291 | D:7      | Found a runed translucent gate.
  8292 | D:7      | Noticed 4FPSwarrior's ghost (novice OpMo)
  8311 | D:7      | Killed 4FPSwarrior's ghost
  8311 | D:7      | Reached skill level 10 in Spellcasting
  8962 | D:8      | Found a runed translucent gate.
  8962 | D:8      | Found a runed translucent gate.
  8962 | D:8      | Found a runed translucent gate.
  9081 | D:8      | Noticed ciphuk's ghost (amateur FeCj)
  9188 | D:8      | Got a transparent ivory amulet
  9189 | D:8      | Identified the amulet "Xoah" {Reflect rN+ Dex+5 Slay+3
                  | SH+5} (You found it on level 8 of the Dungeon)
  9242 | D:8      | Noticed a cyclops
  9363 | D:8      | Reached XP level 10. HP: 54/58 MP: 23/26
  9482 | D:8      | Killed a cyclops
  9771 | D:9      | Found an ancient bone altar of Kikubaaqudgha.
  9815 | D:9      | Noticed a centaur warrior
  9830 | D:9      | Killed a centaur warrior
  9830 | D:9      | Reached skill level 11 in Spellcasting
  9830 | D:9      | Reached skill level 10 in Conjurations
 10252 | D:9      | Noticed a centaur warrior
 10270 | D:9      | Killed a centaur warrior
 10270 | D:9      | Reached skill level 5 in Fighting
 10432 | D:9      | Reached skill level 5 in Armour
 10896 | D:9      | Found a staircase to the Orcish Mines.
 10909 | D:9      | Found a staircase to the Lair.
 11300 | Lair:1   | Entered Level 1 of the Lair of Beasts
 11300 | Lair:1   | Noticed a black mamba
 11308 | Lair:1   | Killed a black mamba
 11309 | Lair:1   | Reached skill level 12 in Spellcasting
 11342 | Lair:1   | Found a frozen archway.
 11348 | Lair:1   | Noticed Gastronok
 11361 | Lair:1   | Reached XP level 11. HP: 44/64 MP: 14/29
 11472 | Lair:1   | Noticed an eight-headed hydra
 11479 | D:9      | Mangled by an eight-headed hydra

Illustrated notes

Levels and vault maps discovered:
D:1:      tarquinn_simple_flora_water_f, layout_rooms, st_stairs_4,
          minmay_hexomino_c4
D:2:      layout_loops_ring, uniq_crazy_yiuf_cottage
D:3:      layout_rooms, minitemple, lemuel_crystal_altar, uniq_ijyb
D:4:      minmay_angry_zag, layout_loops_ring, marbit_many_paths,
          nicolae_overflow_hidden_temple, minmay_temple_entry_purple_smoke,
          first_ration
D:5:      layout_loops_ring, grunt_temple_overflow_order_and_chaos_2,
          basic_altar, minivault_1, hangedman_decor_points,
          kennysheep_windowed_goal
D:6:      layout_gridville, kennysheep_mini, serial_shops,
          kennysheep_little_box, columned_hall_lemuel, uniq_menkaure,
          uniq_sigmund
D:7:      kennysheep_housing_project, layout_loops_cross,
          ebering_ghost_rock_garden
D:8:      layout_gridville, gammafunk_ghost_spectres
D:9:      layout_long_grid, lemuel_doored_altar, due_lair_maze_entry_diamond,
          david_orc_3
Temple:   corrupted_temple
Lair:1:   layout_hall_layers, portal_ice_cave_demonic_guard, uniq_gastronok

Skill      XL: |  1  2  3  4  5  6  7  8  9 10 |
---------------+-------------------------------+-----
Spellcasting   | 4 5 6 7 8 10 12 | 12.0
Conjurations   | 5 6 7 8 9 10 | 10.9
Fighting       | 1 2 3 4 5 |  5.2
Dodging        | 3 4 5 6 8 |  8.1
Armour         | 1 2 3 4 5 |  5.2
Stealth        | |  2.4

Action                   |  1- 3 |  4- 6 |  7- 9 | 10-12 || total
-------------------------+-------+-------+-------+-------++-------
Melee: Dagger            |    11 |       |       |       ||    11
       Rapier            |       |     5 |       |       ||     5
       Quarterstaff      |       |    26 |       |       ||    26
       Morningstar       |       |     8 |     2 |       ||    10
       Battleaxe         |       |       |    17 |     8 ||    25
 Cast: Magic Dart        |    88 |   158 |   144 |    39 ||   429
       Iskenderun's Myst |       |     1 |     7 |     1 ||     9
       Searing Ray       |       |       |    53 |    38 ||    91
       Sting             |       |       |     6 |     2 ||     8
       Animate Skeleton  |       |       |       |    13 ||    13
       Mephitic Cloud    |       |       |       |     3 ||     3
  Use: Scroll            |       |     7 |    12 |     4 ||    23
       Potion            |       |     2 |     1 |     3 ||     6
 Stab: Sleeping          |       |     1 |     1 |       ||     2
       Invisible         |       |     1 |       |       ||     1
  Eat: Chunk             |     1 |     9 |    14 |     6 ||    30
       Ration            |       |       |     1 |       ||     1
Armor: Robe              |     1 |       |       |       ||     1
       Leather armour    |    12 |     9 |    24 |    19 ||    64
       Skin              |       |     5 |       |       ||     5
Dodge: Dodged            |    21 |    62 |   105 |    86 ||   274
Block: Other             |       |       |       |    17 ||    17
